 Dungeon Crawl Stone Soup version 0.27-a0-1136-g0b992a5a9d (webtiles) character file.

Game seed: 10692579703620723513

32 reriks the Magician (level 3, -5/19 HPs)
             Began as a Deep Elf Hedge Wizard on May 5, 2021.
             Slain by Sigmund
             ... wielding a +2 vorpal scythe
              (11 damage)
             ... on level 2 of the Dungeon.
             The game lasted 00:01:38 (1820 turns).

reriks the Magician (Deep Elf Hedge Wizard)         Turns: 1820, Time: 00:01:39

Health: -5/19      AC:  2    Str:  7    XL:     3   Next: 8%
Magic:  8/11       EV: 13    Int: 19    God:
Gold:   72         SH:  0    Dex: 14    Spells: 11/12 levels left

rFire    . . .     SeeInvis .   a - +0 dagger
rCold    . . .     Faith    .   (no shield)
rNeg     . . .     Spirit   .   b - +0 robe
rPois    .         Reflect  .   c - +0 hat
rElec    .         Harm     .   (no cloak)
rCorr    .         Rampage  .   (no gloves)
Will     .....                  (no boots)
Stlth    +.........             (no amulet)
HPRegen  0.06/turn              (no ring)
MPRegen  0.12/turn              (no ring)

@: confused
A: no striking features
a: no special abilities


You were on level 2 of the Dungeon.
You visited 1 branch of the dungeon, and saw 2 of its levels.

You collected 72 gold pieces.

Inventory:

Hand Weapons
 a - a +0 dagger (weapon)
Armour
 b - a +0 robe (worn)
 c - a +0 hat (worn)
Scrolls
 d - 2 scrolls of enchant weapon {unknown}
 f - 2 scrolls of identify {unknown}
 g - a scroll of enchant armour {unknown}
 h - 3 scrolls of fear {unknown}
Potions
 e - a potion of heal wounds {unknown}


   Skills:
 + Level 3.2 Dodging
 - Level 2.4 Stealth
 + Level 5.0 Spellcasting
 + Level 2.1 Conjurations
 - Level 1.1 Summonings
 - Level 1.1 Translocations


You had 11 spell levels left.
You knew the following spells:

 Your Spells              Type           Power      Damage    Failure   Level
a - Magic Dart            Conj           48%        1d5       5%          1

Your spell library contained the following spells:

 Spells                   Type           Power      Damage    Failure   Level
 Blink                    Tloc           N/A        N/A       12%         2
 Call Imp                 Summ           8%         N/A       12%         2
 Slow                     Hex            4%         N/A       19%         2
 Conjure Flame            Conj/Fire      8%         6-21      24%         3
 Mephitic Cloud           Conj/Pois/Air  7%         N/A       28%         3


Dungeon Overview and Level Annotations

Branches:
Dungeon (2/15)

Altars:

Shops:
D:1 *

Annotations:
D:2 Sigmund


Message History

Aiming: Magic Dart (safe; 5% risk of failure)
Press: ? - help, Shift-Dir - straight line, f/p - Sigmund
Aim: Sigmund, wielding a +2 vorpal scythe and wearing a +0 robe (lightly wounded, 100% to hit)
The magic dart hits Sigmund.
Sigmund is lightly wounded.
Sigmund barely misses you.
Casting: Magic Dart (safe; 5% risk of failure)
Confirm with . or Enter, or press ? or * to list all spells.
Aiming: Magic Dart (safe; 5% risk of failure)
Press: ? - help, Shift-Dir - straight line, f/p - Sigmund
Aim: Sigmund, wielding a +2 vorpal scythe and wearing a +0 robe (lightly wounded, 100% to hit)
The magic dart hits Sigmund but does no damage.
Sigmund is lightly wounded.
Sigmund hits you from afar with a +2 vorpal scythe!
Ouch! That really hurt!
Sigmund points at you and mumbles some strange words.
You are confused.
The ball python barely misses you. The ball python grabs you.
The ball python constricts you. The ball python barely misses you.
The ball python constricts you.
You escape the ball python's grasp.
Sigmund says, "Now you see me, now you don't..."
Sigmund barely misses you. Sigmund casts a spell at you.
You are more confused.
The ball python misses you. The ball python closely misses you. x2
The ball python barely misses you.
You see here a +0 leather armour.
You hit the ball python but do no damage.
The ball python barely misses you. x2; Sigmund barely misses you.
You bump into the rock wall.
The ball python closely misses you. x2
Sigmund casts a spell at himself.
Sigmund flickers and vanishes!
Deactivating autopickup; reactivate with Ctrl-A.
You hit the ball python.
The ball python is moderately wounded.
The ball python bites you. The ball python barely misses you.
Something hits you!
Ouch! That really hurt!
You die...

#.# #.# #.# ..
#.###....
#........ #
##.## #
#.#.<.### .#
#..#.#..#..####
#...@S{......(.
#^..##..?..#.#.#
#...#..........
#.# ##.....#.<#
## .........#
#.#..#......
....!.###.##
##..###. .#


You could see a ball python.

Vanquished Creatures
  A dart slug (D:1)
  3 bats
  3 endoplasms (D:1)
  3 hobgoblins (D:1)
  4 jackals (D:1)
  A quokka (D:1)
  3 ball pythons (D:1)
  2 frilled lizards (D:1)
  A goblin (D:1)
  3 kobolds (D:1)
  3 rats (D:1)
27 creatures vanquished.

Notes
Turn   | Place    | Note
-------+----------+-------------------------------------------
     0 | D:1      | reriks the Deep Elf Hedge Wizard began the quest for the
                  | Orb.
     0 | D:1      | Reached XP level 1. HP: 10/10 MP: 7/7
   536 | D:1      | Reached XP level 2. HP: 15/15 MP: 3/9
  1326 | D:1      | Found Qifu's Assorted Antiques.
  1592 | D:1      | Reached XP level 3. HP: 19/19 MP: 8/11
  1653 | D:1      | Reached skill level 5 in Spellcasting
  1807 | D:2      | Noticed Sigmund
  1820 | D:2      | Slain by Sigmund

Illustrated notes

Levels and vault maps discovered:
D:1:      dpeg_arrival_arbitrary_b, layout_loops_ring, serial_shops,
          nicolae_shop_temple_entry_statues_fountains, hangedman_decor_growths,
          minmay_misc_feat_enclosed
D:2:      layout_loops_ring, hellmonk_ecumenical_altar_run_dry, uniq_sigmund,
          uniq_jessica

Skill      XL: |  1  2  3 |
---------------+----------+-----
Dodging        | 3 |  3.2
Conjurations   | 2 |  2.1
Spellcasting   | 5 |  5.0
Stealth        | |  2.4
Summonings     | |  1.1
Translocations | |  1.1

Action                   || total
-------------------------++-------
Melee: Dagger            ||    10
 Cast: Magic Dart        ||    66
Armor: Robe              ||     3
Dodge: Dodged            ||    30

Table legend: (Time is in decaauts)
 A = Elapsed time spent in this place.
 B = Non-inter-level travel time spent in this place.
 C = Inter-level travel time spent in this place.
 D = Time resting spent in this place.
 E = Time spent auto-exploring this place.
 F = Levels seen in this place.
 G = Mean time per level.
                   A        B        C        D        E       F      G
               +--------+--------+--------+--------+--------+-----+--------+
         Total |   1819 |   1792 |     27 |   1012 |    628 |   2 |  909.5 |
       Dungeon |   1819 |   1792 |     27 |   1012 |    628 |   2 |  909.5 |
               +--------+--------+--------+--------+--------+-----+--------+

Top non-repeatable levels by time:
     D:1: 1795 daAuts
     D:2: 24 daAuts
